Map: Catalyst LE

Players

Acxenlupang - Winner!

  • Race: Protoss Protoss
  • League: Diamond
  • Spawn Location: 5:00

Dessa

  • Race: Zerg Zerg
  • League: Diamond
  • Spawn Location: 11:00

VOD

Have the link to the VOD?

Description

Time

  • Played on: Jan. 5, 2018, 4:19 p.m.
  • Length: 8:06
Show
View Real Time Build Order
Export as new Build Order

Acxenlupang Protoss - Winner!

Build Orders:  

Get SALT Encoding   

  12  0:02  Probe  
  13  0:14  Probe  
  14  0:24  Pylon  
  14  0:27  Probe  
  15  0:42  Probe (Chrono Boost)  
  16  0:47  Gateway  
  16  0:54  Probe (Chrono Boost)  
  17  1:04  Probe (Chrono Boost)  
  17  1:08  Assimilator  
  18  1:15  Probe, Forge  
  19  1:21  Pylon  
  19  1:27  Probe (Chrono Boost)  
  20  1:38  Probe (Chrono Boost)  
  21  1:40  Cybernetics Core  
  21  1:50  Photon Cannon  
  21  1:53  Photon Cannon  
  21  2:03  Probe  
  22  2:16  Warp Gate (Chrono Boost)  
  22  2:24  Nexus  
  22  2:37  Probe  
  22  2:41  Sentry  
  25  2:45  Gateway  
  25  2:51  Probe  
  26  2:56  Assimilator  
  26  3:09  Probe  
  27  3:21  Probe  
  28  3:33  Probe  
  29  3:37  Robotics Facility  
  29  3:40  Pylon  
  29  3:41  Probe (Chrono Boost), Assimilator  
  29  3:43  Assimilator  
  29  3:47  Probe (Chrono Boost)  
  31  3:54  Probe (Chrono Boost)  
  32  4:02  Probe x2 (Chrono Boost)  
  33  4:08  Probe  
  33  4:09  Probe  
  35  4:15  Sentry  
  35  4:16  Sentry, Pylon  
  39  4:20  Protoss Ground Weapons Level 1 (Chrono Boost)  
  39  4:21  Probe x2 (Chrono Boost)  
  41  4:25  Pylon  
  41  4:28  Observer  
  44  4:32  Probe x2 (Chrono Boost)  
  44  4:36  Probe (Chrono Boost)  
  44  4:37  Probe (Chrono Boost)  
  45  4:41  Gateway  
  45  4:43  Gateway  
  46  4:51  Gateway  
  46  5:00  Probe x2  
  46  5:04  Immortal (Chrono Boost)  
  52  5:12  Probe, Gateway  
  53  5:20  Probe, Pylon  
  54  5:24  Probe  
  55  5:29  Gateway  
  55  5:32  Gateway  
  55  5:43  Warp Prism (Chrono Boost)  
  55  5:48  Probe  
  58  5:51  Gateway  
  58  5:56  Pylon  
  58  6:09  Protoss Ground Armor Level 1 (Chrono Boost)  
  58  6:13  Zealot x2  
  62  6:22  Stalker  
  62  6:23  Stalker x3  
  70  6:37  Zealot  
  71  6:46  Shield Battery, Photon Cannon  
  71  6:52  Zealot x2  
  71  6:54  Stalker  
  77  7:02  Pylon  
  77  7:03  Pylon  
  77  7:05  Pylon  
  77  7:07  Pylon  
  77  7:15  Zealot x2  
  77  7:19  Stalker x2  
  73  7:28  Stalker x3  
  73  7:29  Stalker x2  
  81  7:44  Zealot x3  
  81  7:45  Zealot  
  89  7:59  Zealot x3  
  89  8:00  Zealot x2  
Show
View Real Time Build Order
Export as new Build Order

Dessa Zerg 

Build Orders: Hatch First 

Get SALT Encoding   

  12  0:01  Drone  
  13  0:13  Overlord  
  13  0:17  Drone  
  14  0:31  Drone x2  
  14  0:35  Drone  
  17  0:56  Hatchery  
  16  0:58  Drone  
  16  1:02  Extractor  
  16  1:04  Drone  
  17  1:20  Spawning Pool  
  17  1:24  Drone  
  18  1:25  Drone  
  18  1:31  Overlord  
  18  1:42  Drone  
  19  1:54  Drone  
  20  2:07  Queen  
  20  2:08  Metabolic Boost  
  22  2:18  Queen  
  22  2:19  Spine Crawler  
  23  2:27  Zergling x4  
  25  2:40  Drone  
  25  2:41  Drone x2  
  25  2:42  Zergling x2  
  25  2:43  Zergling x2  
  25  3:21  Drone x7  
  25  3:22  Drone x2  
  25  3:23  Queen  
  35  3:31  Zergling x2  
  36  3:34  Overlord  
  36  3:51  Roach Warren  
  36  3:52  Extractor, Queen  
  36  3:55  Drone x2  
  38  4:10  Drone x5  
  38  4:15  Drone, Extractor  
  43  4:23  Drone  
  44  4:24  Overlord  
  44  4:25  Overlord  
  44  4:29  Lair  
  44  4:30  Pneumatized Carapace  
  44  4:47  Drone x2  
  44  4:49  Drone x2, Extractor  
  44  4:50  Drone, Overlord  
  44  4:52  Hatchery  
  46  5:03  Zergling x8  
  50  5:07  Overlord  
  50  5:29  Glial Reconstitution  
  50  5:30  Drone  
  50  5:31  Drone, Overlord  
  52  5:48  Zergling x8  
  52  5:49  Zergling x2  
  55  5:58  Drone x2  
  55  5:59  Evolution Chamber  
  55  6:00  Evolution Chamber  
  55  6:03  Drone  
  56  6:04  Hydralisk Den  
  56  6:05  Overlord  
  56  6:07  Overlord  
  55  6:13  Queen  
  55  6:17  Drone x4  
  61  6:22  Zergling x4  
  63  6:34  Muscular Augments  
  62  6:48  Zergling x4  
  62  6:49  Zergling x20  
  73  6:54  Zergling x2  
  73  7:01  Zergling x4  
  72  7:13  Zergling x10  
  67  7:19  Spine Crawler  
  67  7:20  Spine Crawler  
  58  7:24  Zergling x8  
Tags
 
Matchup
PvZ
Replay Pack
2017S4
Spawn Locations
Cross Positions
Add a new tag
Caveats
  • Supply blocks, unpowered buildings, or Contaminate may cause inaccurate times.
  • Supply counts are checked every 10 seconds.